 Dungeon Crawl Stone Soup version 0.30.0-29-ga12c61a403 (webtiles) character file.

Game seed: 8568149250615894224

7576 Derfel the Severer (level 11, -1/104 HPs)
             Began as a Hill Orc Fighter on June 16, 2023.
             Was a High Priest of Okawaru.
             Slain by a large abomination (15 damage)
             ... on level 3 of the Abyss on June 19, 2023.
             The game lasted 01:03:07 (9922 turns).

Derfel the Severer (Hill Orc Fighter)               Turns: 9922, Time: 01:03:07

Health: -1/104     AC: 16    Str: 28    XL:     11   Next: 17%
Magic:  0/11       EV:  9    Int:  8    God:    Okawaru [*****.]
Gold:   414        SH:  5    Dex: 12    Spells: 9/10 levels left

rFire   . . .        a - +1 war axe (venom)
rCold   . . .        c - +1 buckler
rNeg    + . .        b - +0 scale mail
rPois   .            D - +2 helmet {SInv}
rElec   .            (no cloak)
rCorr   .            h - +0 pair of gloves of Cocytus {rN+}
SInv    +            (no boots)
Will    .....        K - amulet of guardian spirit Stlth
                     G - +6 ring of strength
HPRegen 0.37/turn    n - +4 ring of protection
MPRegen 0.12/turn

%: guardian spirit
@: about to teleport
A: no striking features
a: Renounce Religion, Heroism, Finesse, Duel


You were on level 3 of the Abyss.
You worshipped Okawaru.
Okawaru was extremely pleased with you.
You visited 1 branch of the dungeon, and saw 9 of its levels.
You visited the Abyss 1 time.

You collected 414 gold pieces.

Inventory:

Hand Weapons
 a - a +1 war axe of venom (weapon)
 d - a +0 heavy war axe
 C - a +1 short sword of venom
 L - a +2 dagger
Missiles
 e - 48 stones (quivered)
 J - 9 poisoned darts
 T - a curare-tipped dart
Armour
 b - a +0 scale mail (worn)
 c - a +1 buckler (worn)
 g - +0 steam dragon scales
 h - the +0 pair of gloves of Cocytus (worn) {rN+}
   (You found it on level 7 of the Dungeon)

   rN:        It protects you from negative energy.
 u - a +0 cloak of stealth
 D - a +2 helmet of see invisible (worn)
 R - the +1 leather armour of Indomitability {rPois Dex+2 Stlth+}
   (You found it on level 6 of the Dungeon)

   Dex:       It affects your dexterity (+2).
   rPois:     It protects you from poison.
   Stlth:     It makes you more stealthy.
 S - +0 acid dragon scales
Magical Staves
 I - a staff of conjuration
Jewellery
 i - a ring of see invisible
 n - a +4 ring of protection (right hand)
 r - a +6 ring of dexterity
 t - an amulet of magic regeneration
 G - a +6 ring of strength (left hand)
 K - an amulet of guardian spirit (around neck)
 M - a +5 ring of evasion
Wands
 v - a wand of flame (35)
 H - a wand of polymorph (7)
Scrolls
 f - 2 scrolls of enchant armour
 j - a scroll of silence {unknown}
 q - 2 scrolls of brand weapon
 s - a scroll of enchant weapon
 y - a scroll of acquirement {unknown}
 A - a scroll of magic mapping {unknown}
 F - 3 scrolls of blinking {unknown}
 O - a scroll of immolation {unknown}
Potions
 k - a potion of lignification
 m - 3 potions of curing
 o - a potion of mutation {unknown}
 p - 2 potions of magic
 w - 3 potions of attraction
 x - a potion of cancellation {unknown}
 z - a potion of degeneration {unknown}
 B - 2 potions of resistance
 N - a potion of haste {unknown}
 Q - 2 potions of flight {unknown}


   Skills:
 * Level 12.2 Fighting
 - Level 16.3 Axes
 * Level 6.7 Armour
 - Level 3.4 Shields
 + Level 0.4 Conjurations
 - Level 0.3 Evocations


You had 9 spell levels left.
You knew the following spells:

 Your Spells              Type           Power      Damage    Failure   Level
a - Magic Dart            Conj           0%         1d3       65%         1

Your spell library contained the following spells:

 Spells                   Type           Power      Damage    Failure   Level
 Searing Ray              Conj           0%         2d4       78%         2
 Fulminant Prism          Conj/Hex       0%         3d5       100%        4
 Ozocubu's Refrigeration  Ice            0%         4d7       100%        7
 Polar Vortex             Ice            0%         N/A       100%        9
 Simulacrum               Ice/Necr       Unusable   N/A       N/A         6

Dungeon Overview and Level Annotations

Branches:
Dungeon (9/15)             Temple (0/1) D:7            Lair (0/5) D:8
    Orc: D:9-12

Altars:
Elyvilon
Okawaru
Ru
Xom

Shops:
D:2 =   D:4 :*

Annotations:
D:9 Erolcha


Message History

The raiju bursts into living lightning!
The living lightning hits you!
The raiju blinks!
The raiju bursts into living lightning!
The living lightning misses you.
The raiju blinks! x2
The raiju bursts into living lightning!
The living lightning hits you!!
* * * LOW HITPOINT WARNING * * *
The raiju blinks! x2
The raiju attacks as you move away! The raiju bites you but does no damage.
The raiju bursts into living lightning!
The living lightning hits you!
* * * LOW HITPOINT WARNING * * *
The raiju blinks!
Okay, then.
You feel much better.
The raiju bursts into living lightning!
The living lightning hits you!!
The raiju blinks!
The raiju bursts into living lightning!
The living lightning hits you!
* * * LOW HITPOINT WARNING * * *
The raiju blinks!
As you read the scroll of teleportation, it crumbles to dust.
You feel strangely unstable.
You feel the power of the Abyss delaying your translocation!
The raiju bursts into living lightning!
The living lightning hits you.
* * * LOW HITPOINT WARNING * * *
The raiju blinks!
You feel better.
The raiju bursts into living lightning!
The living lightning hits you.
* * * LOW HITPOINT WARNING * * *
The raiju blinks!
You feel better. The large abomination hits you!!
* * * LOW HITPOINT WARNING * * *
You feel better. The raiju bites you but does no damage.
The large abomination hits you!
* * * LOW HITPOINT WARNING * * *
The large abomination hits you!
You die...

.. ##...###..# ##.#
.....#....
#...#§§.....§§
.#.....§......§#. ..
.....§..........
...#..........#.... .
..h# #...##..h##.... ##
##.## ##.##.X@..#....
.###.. ###...#.Xh.......
..#.....#..............#
............§......§§.
..#.....#.....§....#.§§.
.## .X.###...##...###...
## ##.## ##.##.........#
##...###...#.........# .
# . ..#§.............


You could see 2 large abominations and 2 raiju.

Vanquished Creatures
  A two-headed ogre (D:9)
  A vampire mage (Abyss:2)
  Pikel (D:7)
  Maggie (D:8)
  Grinder (D:5)
  7 yaks
  2 vampires (D:9)
  A steam dragon (D:9)
  A wyvern (D:8)
  Eustachio (D:6)
  Menkaure (D:4)
  3 wargs
  An acid dragon (D:6)
  An ice beast (D:5)
  2 sky beasts
  An orc warrior (D:6)
  2 black bears
  2 lemures (D:7)
  A centaur (D:8)
  2 kobold brigands
  A bullfrog (D:9)
  6 scorpions
  8 wights
  6 killer bees (D:8)
  5 howler monkeys
  3 hounds
  8 orc priests
  2 sleepcaps
  6 iguanas
  Ijyb (D:5)
  Terence (D:2)
  Jessica (D:3)
  Natasha (thrice) (D:4)
  11 orc wizards
  Robin (D:3)
  5 adders
  2 shadow imps
  3 worms
  2 dart slugs
  36 orcs
  7 endoplasms
  2 giant cockroaches
  16 goblins
  10 hobgoblins
  3 jackals (D:5)
  18 kobolds
  A quokka (D:1)
  10 ball pythons
  7 bats
  5 frilled lizards
  6 rats
229 creatures vanquished.

Notes
Turn   | Place    | Note
-------+----------+-------------------------------------------
     0 | D:1      | Derfel the Hill Orc Fighter began the quest for the Orb.
     0 | D:1      | Reached XP level 1. HP: 19/19 MP: 1/1
   188 | D:1      | Reached XP level 2. HP: 27/27 MP: 2/2
   296 | D:1      | Reached skill level 3 in Axes
   694 | D:1      | Reached XP level 3. HP: 19/33 MP: 3/3
  1178 | D:2      | Reached skill level 4 in Axes
  1248 | D:2      | Noticed Terence
  1264 | D:2      | Killed Terence
  1265 | D:2      | Reached XP level 4. HP: 14/41 MP: 4/4
  1394 | D:2      | Found Wisaisop's Jewellery Shop.
  2012 | D:3      | Reached skill level 5 in Axes
  2098 | D:3      | Noticed Jessica
  2110 | D:3      | Killed Jessica
  2111 | D:3      | Reached XP level 5. HP: 47/47 MP: 5/5
  2289 | D:3      | Found a shimmering altar of Xom.
  2289 | D:3      | Found an iron altar of Okawaru.
  2296 | D:3      | Found a sacrificial altar of Ru.
  2323 | D:3      | Noticed Robin
  2335 | D:3      | Killed Robin
  2339 | D:3      | Reached skill level 6 in Axes
  2351 | D:3      | Found a white marble altar of Elyvilon.
  2353 | D:3      | Found a faded altar of an unknown god.
  2546 | D:3      | Became a worshipper of Warmaster Okawaru
  2957 | D:4      | Noticed Natasha
  2974 | D:4      | Killed Natasha
  3037 | D:4      | Found Angoclucs's Serpentskin Sales.
  3037 | D:4      | Noticed a water moccasin
  3037 | D:4      | Noticed a water moccasin
  3037 | D:4      | Noticed a water moccasin
  3304 | D:4      | Reached skill level 5 in Fighting
  3304 | D:4      | Reached skill level 7 in Axes
  3304 | D:4      | Reached XP level 6. HP: 56/56 MP: 6/6
  3431 | D:4      | Noticed Menkaure
  3458 | D:4      | Killed Menkaure
  3622 | D:4      | Noticed Natasha
  3633 | D:4      | Killed Natasha
  3634 | D:4      | Reached skill level 8 in Axes
  3714 | D:4      | Learned a level 1 spell: Magic Dart
  3838 | D:4      | Noticed Natasha
  3839 | D:4      | Killed Natasha
  3840 | D:4      | Reached XP level 7. HP: 61/61 MP: 7/7
  3872 | D:4      | Reached * piety under Okawaru
  4159 | D:4      | Found Saaxasm's Book Shop.
  4526 | D:5      | Entered Level 5 of the Dungeon
  4546 | D:5      | Reached skill level 9 in Axes
  4704 | D:5      | Noticed Grinder
  4704 | D:5      | Paralysed by Grinder for 5 turns
  4726 | D:5      | Killed Grinder
  4727 | D:5      | Reached skill level 10 in Axes
  4727 | D:5      | Reached XP level 8. HP: 71/71 MP: 8/8
  5019 | D:5      | Reached ** piety under Okawaru
  5086 | D:5      | Reached skill level 11 in Axes
  5279 | D:5      | Noticed Ijyb
  5291 | D:5      | Killed Ijyb
  5613 | D:6      | Noticed Eustachio
  5722 | D:7      | You fall into a shaft and drop 2 floors!
  5728 | D:9      | Noticed Erolcha
  5853 | D:7      | Found a staircase to the Ecumenical Temple.
  5873 | D:7      | Reached skill level 12 in Axes
  5993 | D:7      | Noticed Pikel
  6060 | D:7      | Identified the +0 pair of gloves of Cocytus {rN+}
  6067 | D:7      | Reached XP level 9. HP: 47/71 MP: 9/9
  6186 | D:6      | Reached skill level 13 in Axes
  6189 | D:6      | Killed Eustachio
  6189 | D:6      | Reached *** piety under Okawaru
  6301 | D:6      | Identified the +1 leather armour of Indomitability {rPois
                  | Dex+2 Stlth+}
  6962 | D:6      | Reached skill level 14 in Axes
  7336 | D:7      | Killed Pikel
  7336 | D:7      | Reached **** piety under Okawaru
  7337 | D:7      | Reached skill level 15 in Axes
  7574 | D:8      | Reached XP level 10. HP: 71/90 MP: 10/10
  8036 | D:8      | Reached ***** piety under Okawaru
  8037 | D:8      | Reached skill level 16 in Axes
  8044 | D:8      | Noticed Maggie
  8290 | D:8      | Killed Maggie
  8543 | D:8      | Reached skill level 10 in Fighting
  8690 | D:8      | Found a staircase to the Lair.
  9033 | D:8      | Received a gift from Okawaru
  9316 | D:8      | Reached skill level 5 in Armour
  9698 | D:9      | Noticed a two-headed ogre
  9738 | D:9      | Killed a two-headed ogre
  9739 | D:9      | Reached XP level 11. HP: 88/104 MP: 8/11
  9739 | Abyss:2  | Cast into level 2 of the Abyss (Erolcha)
  9764 | Abyss:2  | Found a corrupted altar of Lugonu.
  9797 | Abyss:2  | Found a corrupted altar of Lugonu.
  9830 | Abyss:2  | Noticed a vampire mage
  9848 | Abyss:2  | Killed a vampire mage
  9855 | Abyss:2  | Noticed a spatial maelstrom
  9860 | Abyss:3  | Noticed a starcursed mass
  9899 | Abyss:3  | Noticed a large abomination
  9907 | Abyss:3  | Noticed a lich
  9922 | Abyss:3  | Slain by a large abomination

Illustrated notes

Levels and vault maps discovered:
D:1:      ncdulo_wetmaze, layout_basic
D:2:      layout_loops_corners, serial_shops, nicolae_shop_crystal, uniq_terence
D:3:      layout_basic, chequers_temple_overflow_minitemple, uniq_robin,
          uniq_jessica
D:4:      layout_loops_corners, serial_co_window_serial, co_window_cross_1,
          co_window_corner_a, co_window_corner_a, co_window_corner_a,
          co_window_corner_a, co_window_corner_a, co_window_paths_a,
          co_window_paths_c, co_window_paths_c, co_window_of_opportunity_b,
          co_window_unsneaky_path_a, glass_columns_a, glass_columns_a,
          glass_columns_a, serial_shops, shop, guppyfry_shop_venom,
          uniq_natasha, uniq_menkaure
D:5:      layout_basic, uniq_ijyb, uniq_grinder
D:6:      layout_basic, kennysheep_small_circle, uniq_eustachio
D:7:      layout_basic, minmay_temple_entry_offerings, uniq_pikel
D:8:      layout_basic, erik_lair_orcish_takeover, grunt_ministairs_7,
          nicolae_underground_beach, uniq_maggie
D:9:      layout_roguey, grunt_decor_resistance, small_statue_alley_b,
          grunt_ministairs_10, nicolae_titane, uniq_erolcha
Abyss:3:  base: D:9, spicy_pingpong_abyss_rune

Skill      XL: |  1  2  3  4  5  6  7  8  9 10 |
---------------+-------------------------------+-----
Fighting       | 4 5 6 7 8 12 | 12.2
Axes           | 3 4 5 7 8 10 12 15 16 | 16.3
Armour         | 6 |  6.7
Shields        | |  3.4
Conjurations   | |  0.4
Evocations     | |  0.3

Action                     |  1- 3 |  4- 6 |  7- 9 | 10-12 || total
---------------------------+-------+-------+-------+-------++-------
  Melee: War axe           |   105 |   141 |   300 |   197 ||   743
  Throw: Stone             |       |       |     1 |     1 ||     2
   Cast: Magic Dart        |       |       |       |     1 ||     1
 Invoke: Heroism           |       |       |       |     1 ||     1
  Evoke: Wand              |       |     2 |       |       ||     2
    Use: Potion            |     2 |     5 |     4 |     6 ||    17
         Scroll            |       |    10 |     8 |     3 ||    21
 Armour: Scale mail        |    42 |    89 |   126 |    78 ||   335
         Skin              |       |       |     3 |    21 ||    24
  Dodge: Dodged            |    42 |    78 |    88 |    73 ||   281
  Block: Buckler           |    23 |    40 |    59 |    46 ||   168
